 Dungeon Crawl Stone Soup version 0.22-a0-293-gc9362ec (webtiles) character file.

80 Amnesiac the Magician (level 4, -2/33 HPs)
             Began as a Mummy Wizard on Mar 24, 2018.
             Slain by a gnoll
             ... wielding a +0 flail
              (8 damage)
             ... on level 3 of the Dungeon.
             The game lasted 00:03:22 (2029 turns).

Amnesiac the Magician (Mummy Wizard)                Turns: 2029, Time: 00:03:23

Health: -2/33      AC:  2    Str: 10    XL:     4   Next: 18%
Magic:  1/10       EV: 12    Int: 18    God:
Gold:   116        SH:  0    Dex: 10    Spells: 2/11 levels left

rFire    x . .     SeeInvis .   j - +0 hunting sling
rCold    + . .     Gourm    .   (no shield)
rNeg     + + +     Faith    .   a - +0 robe
rPois    ∞         Spirit   .   b - +0 hat
rElec    .         Reflect  .   (no cloak)
rCorr    .         Harm     .   (no gloves)
MR       .....                  (no boots)
Stlth    ++........             g - amulet of the acrobat
HPRegen  0.11/turn              (no ring)
MPRegen  0.12/turn              (no ring)

@: very slightly contaminated
A: no food or potions, fire vulnerability, cold resistance 1, negative energy
resistance 3, torment resistance, unbreathing
a: no special abilities


You were on level 3 of the Dungeon.
You were not hungry.

You visited 1 branch of the dungeon, and saw 3 of its levels.

You collected 116 gold pieces.

Inventory:

Hand Weapons
 j - a +0 hunting sling (weapon)
Missiles
 c - 27 stones (quivered)
 m - 8 poisoned needles
Armour
 a - a +0 robe (worn)
 b - a +0 hat (worn)
 o - a +0 buckler
Jewellery
 g - an amulet of the acrobat (around neck)
Scrolls
 d - a scroll of identify {!r, unknown}
 e - 2 scrolls of remove curse {!r, unknown}
 f - a scroll of teleportation {!r, unknown}
 h - a scroll of enchant weapon {!r, unknown}
 i - 3 scrolls of amnesia {!r, unknown}
 k - a scroll of enchant armour {!r, unknown}
 l - a scroll of fear {!r, unknown}
 n - a scroll of fog {!r, unknown}


   Skills:
 - Level 2.0 Fighting
 - Level 2.7 Dodging
 - Level 1.5 Stealth
 + Level 1.3 Shields
 - Level 4.0 Spellcasting
 - Level 0.7 Conjurations
 - Level 0.7 Summonings
   Level 0.7 Translocations


You had 2 spell levels left.
You knew the following spells:

 Your Spells              Type           Power        Failure   Level  Hunger
a - Magic Dart            Conj           #...         11%         1    N/A
b - Call Imp              Summ           #.......     17%         2    N/A
e - Mephitic Cloud        Conj/Pois/Air  #.......     36%         3    N/A
s - Conjure Flame         Conj/Fire      #.......     36%         3    N/A

Dungeon Overview and Level Annotations

Branches:
Dungeon (3/15)

Altars:
Wu Jian
The Shining One


Innate Abilities, Weirdness & Mutations

You do not eat or drink.
Your flesh is vulnerable to fire.
You are immune to poison.
Your flesh is cold resistant. (rC+)
You are immune to negative energy. (rN+++)
You are immune to unholy pain and torment.
You can survive without breathing.


Message History

Firing (i - inventory)
c - 29 stones (quivered)
Press: ? - help, Shift-Dir - straight line, f/p - gnoll
Aim: a gnoll (severely wounded)
You shoot a stone. The stone barely misses the gnoll.
The stone hits the gnoll.
The gnoll is lightly wounded.
The gnoll misses you.
Firing (i - inventory)
c - 28 stones (quivered)
Press: ? - help, Shift-Dir - straight line, f/p - gnoll
Aim: a gnoll (severely wounded)
You shoot a stone. The stone hits the gnoll.
You kill the gnoll!
The gnoll closely misses you.
Casting: Magic Dart (safe; 11% risk of failure)
Confirm with . or Enter, or press ? or * to list all spells.
Aiming: Magic Dart (safe; 11% risk of failure)
Press: ? - help, Shift-Dir - straight line, f - gnoll
Aim: a gnoll, wielding a flail (lightly wounded)
The magic dart hits the gnoll.
The gnoll is lightly wounded.
Casting: Magic Dart (safe; 11% risk of failure)
Confirm with . or Enter, or press ? or * to list all spells.
Aiming: Magic Dart (safe; 11% risk of failure)
Press: ? - help, Shift-Dir - straight line, f/p - gnoll
Aim: a gnoll, wielding a flail (lightly wounded)
The magic dart hits the gnoll.
The gnoll is lightly wounded.
The gnoll hits you with a flail.
Casting: Magic Dart (safe; 11% risk of failure)
Confirm with . or Enter, or press ? or * to list all spells.
Aiming: Magic Dart (safe; 11% risk of failure)
Press: ? - help, Shift-Dir - straight line, f/p - gnoll
Aim: a gnoll, wielding a flail (lightly wounded)
The magic dart hits the gnoll.
The gnoll is heavily wounded.
The gnoll hits you with a flail.
Casting: Magic Dart (safe; 11% risk of failure)
Confirm with . or Enter, or press ? or * to list all spells.
Aiming: Magic Dart (safe; 11% risk of failure)
Press: ? - help, Shift-Dir - straight line, f/p - gnoll
Aim: a gnoll, wielding a flail (heavily wounded)
The magic dart hits the gnoll.
The gnoll is heavily wounded.
The gnoll hits you with a flail!
* * * LOW HITPOINT WARNING * * *
Casting: Magic Dart (safe; 11% risk of failure)
Confirm with . or Enter, or press ? or * to list all spells.
Aiming: Magic Dart (safe; 11% risk of failure)
Press: ? - help, Shift-Dir - straight line, f/p - gnoll
Aim: a gnoll, wielding a flail (heavily wounded)
You miscast Magic Dart.
You are very lightly contaminated with residual magic.
Nothing appears to happen.
The frilled lizard hisses.
The gnoll hits you with a flail.
* * * LOW HITPOINT WARNING * * *
Casting: Magic Dart (safe; 11% risk of failure)
Confirm with . or Enter, or press ? or * to list all spells.
Aiming: Magic Dart (safe; 11% risk of failure)
Press: ? - help, Shift-Dir - straight line, f/p - gnoll
Aim: a gnoll, wielding a flail (heavily wounded)
The magic dart hits the gnoll.
The gnoll is severely wounded.
The gnoll hits you with a flail!
You die...

.. .(. ... ###
#(# ..
###g######.#
>.......#[#
#(####.<.#####
#.glg@.........
#.#####..#.....
#.# #.## ##..
... ..# . ..g..
..# #....?# ...
.._..$..###
##.....##
#.....#


You could see a gnoll, a goblin and a frilled lizard.

Vanquished Creatures
  2 gnolls (D:3)
  An adder (D:3)
  3 dart slugs
  2 leopard geckos (D:1)
  A giant cockroach (D:2)
  4 goblins
  6 hobgoblins
  A ball python (D:1)
  8 bats (D:1)
  3 frilled lizards
  8 kobolds
  7 rats
46 creatures vanquished.

Notes
Turn   | Place    | Note
-------+----------+-------------------------------------------
     0 | D:1      | Amnesiac the Mummy Wizard began the quest for the Orb.
     0 | D:1      | Reached XP level 1. HP: 13/13 MP: 5/5
    85 | D:1      | Reached skill level 1 in Fighting
   252 | D:1      | Reached XP level 2. HP: 22/22 MP: 1/7
   256 | D:1      | Learned a level 2 spell: Call Imp
   867 | D:1      | Reached XP level 3. HP: 27/27 MP: 5/8
   872 | D:1      | Learned a level 3 spell: Mephitic Cloud
   876 | D:1      | Learned a level 3 spell: Conjure Flame
  1460 | D:2      | Found an ornate altar of the Wu Jian Council.
  2004 | D:3      | Found a glowing golden altar of the Shining One.
  2019 | D:3      | Reached skill level 1 in Shields
  2019 | D:3      | Reached XP level 4. HP: 27/33 MP: 6/10
  2029 | D:3      | Slain by a gnoll

Vault maps used:
D:1:      dpeg_arrival_subterranean_lakeside_camping, minmay_hedge_maze,
          minmay_bisected
D:2:      lemuel_crystal_altar
D:3:      overflow_temple_1_default, chequers_ecumenical_altar_simple_redux,
          kennysheep_generic_room_4, uniq_ijyb, uniq_sigmund, uniq_terence

Skill      XL: |  1  2  3 |
---------------+----------+-----
Fighting       | 1 2 |  2.0
Dodging        | 2 |  2.7
Shields        | 1 |  1.3
Stealth        | |  1.5
Spellcasting   | |  4.0
Conjurations   | |  0.7
Summonings     | |  0.7
Translocations | |  0.7

Action                   |  1- 3 |  4- 6 || total
-------------------------+-------+-------++-------
Melee: Unarmed           |    26 |       ||    26
 Fire: Hunting sling     |    44 |     4 ||    48
 Cast: Magic Dart        |    88 |     6 ||    94
Armor: Robe              |    14 |       ||    14
Dodge: Dodged            |    38 |     4 ||    42

Table legend:
 A = Spawn XP
 B = Non-spawn XP
 C = Spawn XP percentage of total XP
 D = Spawn monster count
 E = Non-spawn monster count
 F = Spawn count percentage of total count
 G = Total turns spent on level
                    A         B        C        D         E        F      G
               +---------+---------+-------+---------+---------+-------+---------
         Total |       0 |     115 |   0.0 |       0 |      46 |   0.0 |  2029
               +---------+---------+-------+---------+---------+-------+---------
           D:1 |       0 |      57 |   0.0 |       0 |      34 |   0.0 |  1436
           D:2 |       0 |      18 |   0.0 |       0 |       9 |   0.0 |   562
           D:3 |       0 |      40 |   0.0 |       0 |       3 |   0.0 |    31
               +---------+---------+-------+---------+---------+-------+---------
